 Dungeon Crawl Stone Soup version 0.29-a0-998-g1987434951 (webtiles) character file.

Game seed: 17587560354677466332

4647 gelatine the Cleaver (level 10, 0/76 HPs)
             Began as a Demonspawn Gladiator on Aug 5, 2022.
             Slain by an ice devil (9 damage)
             ... on level 8 of the Dungeon.
             The game lasted 00:24:38 (7586 turns).

gelatine the Cleaver (Demonspawn Gladiator)         Turns: 7586, Time: 00:24:38

Health: 0/76       AC: 23    Str: 19    XL:     10   Next: 20%
Magic:  11/11      EV: 11    Int:  9    God:
Gold:   267        SH:  5    Dex: 15    Spells: 10/11 levels left

rFire   . . .      SeeInvis .   a - +4 war axe
rCold   + . .      Faith    .   (no shield)
rNeg    . . .      Spirit   .   r - +2 plate armour {rC+}
rPois   .          Reflect  +   c - +0 helmet
rElec   .          Harm     .   u - +2 cloak
rCorr   .          Rampage  .   (no gloves)
Will    .....                   V - +0 pair of boots
Stlth   ..........              w - amulet of reflection
HPRegen 0.22/turn               n - +4 ring of slaying
MPRegen 0.12/turn               Q - +4 ring of evasion

@: no status effects
A: slimy green scales 2, demonic guardian 1, powered by pain 1, demonic touch 2
a: no special abilities


You were on level 8 of the Dungeon.
You visited 1 branch of the dungeon, and saw 8 of its levels.
You also visited: Sewer.

You collected 427 gold pieces.
You spent 160 gold pieces at shops.

Inventory:

Hand Weapons
 a - a +4 war axe (weapon)
 b - the +6 shortbow "Goblinslayer" {flame, rN+ Str+3}
   (You found it on level 6 of the Dungeon)

   Any ammunition fired from it burns those it strikes, dealing additional fire
   damage.
   Str:       It affects your strength (+3).
   rN:        It protects you from negative energy.
Armour
 c - a +0 helmet (worn)
 e - a +1 ring mail of fire resistance
 r - a +2 plate armour of cold resistance (worn)
 s - the +0 leather armour "Viux" {rPois Dex+2}
   (You found it on level 3 of the Dungeon)

   Dex:       It affects your dexterity (+2).
   rPois:     It protects you from poison.
 t - a +0 kite shield
 u - a +2 cloak (worn)
 V - a +0 pair of boots (worn)
Magical Staves
 S - a staff of death
Jewellery
 n - a +4 ring of slaying (left hand)
 w - an amulet of reflection (around neck)
 x - a +6 ring of dexterity
 C - a +4 ring of protection
 E - a +6 ring of strength
 P - a +6 ring of intelligence
 Q - a +4 ring of evasion (right hand)
 R - a ring of poison resistance
 T - a +4 ring of evasion
Wands
 k - a wand of roots (20)
 D - a wand of digging (7)
 M - a wand of paralysis (3)
Scrolls
 g - a scroll of fear
 o - 3 scrolls of vulnerability
 p - a scroll of amnesia
 G - a scroll of poison
 H - 3 scrolls of teleportation
Potions
 d - 2 potions of flight {unknown}
 f - a potion of resistance
 h - 3 potions of curing
 i - a potion of brilliance
 j - a potion of experience {unknown}
 l - a potion of ambrosia
 m - 2 potions of magic
 q - 2 potions of heal wounds {unknown}
 z - a potion of degeneration {unknown}
 A - a potion of might {unknown}
 B - 3 potions of haste {unknown}
 F - a potion of lignification
 J - a potion of mutation {unknown}
 K - 2 potions of attraction {unknown}
 L - a potion of invisibility


   Skills:
 + Level 5.8 Fighting
 + Level 10.2 Axes
 + Level 3.8 Throwing
 + Level 5.9 Armour
 + Level 3.2 Dodging
 + Level 1.9 Stealth
 + Level 2.2 Shields
 + Level 1.0 Spellcasting
 + Level 1.1 Summonings


You had 10 spell levels left.
You knew the following spells:

 Your Spells              Type           Power      Damage    Failure   Level
a - Summon Small Mammal   Summ           8%         N/A       100%        1

Your spell library contained the following spells:

 Spells                   Type           Power      Damage    Failure   Level
 Beastly Appendage        Tmut           0%         N/A       100%        1
 Freeze                   Ice            0%         1d3       100%        1
 Blink                    Tloc           0%         N/A       100%        2
 Ensorcelled Hibernation  Hex/Ice        0%         N/A       100%        2
 Wereblood                Tmut           0%         N/A       100%        2
 Call Canine Familiar     Summ           2%         N/A       100%        3
 Conjure Flame            Conj/Fire      0%         6-21      100%        3
 Frozen Ramparts          Ice            0%         1d8       100%        3
 Ignite Poison            Fire/Tmut/Pois 0%         N/A       100%        3
 Lesser Beckoning         Tloc           0%         N/A       100%        3
 Ozocubu's Armour         Ice            0%         N/A       100%        3
 Spider Form              Tmut/Pois      0%         N/A       100%        3
 Summon Guardian Golem    Hex/Summ       1%         N/A       100%        3
 Tukima's Dance           Hex            0%         N/A       100%        3
 Anguish                  Hex/Necr       0%         N/A       100%        4
 Fulminant Prism          Conj/Hex       0%         3d6       100%        4
 Hailstorm                Conj/Ice       0%         3d3       100%        4
 Iskenderun's Mystic Bla  Conj/Tloc      0%         2d3       100%        4
 Passage of Golubria      Tloc           0%         N/A       100%        4
 Sticky Flame             Conj/Fire      0%         2d3       100%        4
 Lee's Rapid Deconstruct  Erth           0%         3d5*      100%        5
 Manifold Assault         Tloc           0%         N/A       100%        5
 Yara's Violent Unravell  Hex/Tmut       0%         3d3       100%        5
 Ozocubu's Refrigeration  Ice            0%         4d7       100%        7


Dungeon Overview and Level Annotations

Branches:
Dungeon (8/15)             Temple (0/1) D:4           Sewer (visited)
   Lair: D:8-11

Altars:
Ashenzari
Fedhas
Hepliaklqana
Okawaru
Sif Muna
Wu Jian

Shops:
D:2 (   D:4 *   D:6 *

Annotations:
D:8 exclusion: ice statue


Innate Abilities, Weirdness & Mutations

You are mostly covered in slimy green scales. (AC +3)
A weak demonic guardian rushes to your aid.
You sometimes gain a little power by taking damage.
Your touch may inflict irresistible damage on your foes.


Message History

The ice devil closely misses you.
You slash the ice devil!
You kill the ice devil!
You closely miss the ice devil.
The ice devil hits you but does no damage.
You hit the ice devil. Your touch misses the ice devil.
The ice devil is lightly wounded.
You slash the ice devil! The ice devil hits you.
* * * LOW HITPOINT WARNING * * *
The ice devil freezes you. You resist.
* * * LOW HITPOINT WARNING * * *
The ice devil hits you but does no damage.
Your white imp closely misses the ice devil.
The ice devil attacks as you move away!
The ice devil hits you but does no damage.
Your white imp hits the ice devil but does no damage.
Unknown command.
Read: 2 scrolls of fear
Press: ? - help, Q - select action, (/) - cycle Dir - look around, f - activate Look: an ice devil (lightly wounded, chance to affect: 64%)
As you read the scroll of fear, it crumbles to dust.
You assume a fearsome visage.
The ice devil looks frightened!
The ice devil resists with almost no effort.
The ice devil resists with some effort.
The ice devil resists with almost no effort.
Your white imp hits the ice devil but does no damage.
The ice devil barely misses your white imp.
Your white imp barely misses the ice devil.
It was a potion of curing.
You feel better. The ice devil hits you.
* * * LOW HITPOINT WARNING * * *
The ice devil freezes you! You resist.
* * * LOW HITPOINT WARNING * * *
The ice devil barely misses your white imp.
Your white imp hits the ice devil but does no damage.
It was a potion of magic.
Magic courses through your body. The ice devil hits you.
* * * LOW HITPOINT WARNING * * *
The ice devil freezes you! You resist.
You die...

....# #############.)....##...
....# #..........)....##... ....#
#...........)...##... ....#
#................#... ....#
#..............#.#... ....#
####.>.................. .####
##...##############...... .#
######..#..###### #...... .#
#......###..4@..# #...... .#
#.##..≈≈≈≈≈..##.# #(..... .#
#.###≈≈~~~≈54##.# #...... .#
#..##~~...~~4#.. #######.....#
.###..≈~~.....~~≈..##....##...#.#
.##).≈≈~.##.##.~≈≈..#....##...#.#
.)).#≈~..#$4$#4.(≈#..............
.))##≈4...$8[((((≈##.............
.#..#≈~..#(?[#((~≈#..............


You could see an ice statue, 5 ice devils and a friendly white imp (summoned).

Vanquished Creatures
  A two-headed ogre (D:5)
  2 ice devils (D:8)
  Grinder (D:3)
  A steam dragon (D:8)
  2 water moccasins
  An ice beast (D:8)
  2 black bears
  A sky beast (D:7)
  2 ogres
  4 centaurs
  2 phantoms
  Blork the orc (D:4)
  2 necrophages
  6 bullfrogs
  2 scorpions
  14 wights
  2 orc priests (D:8)
  A jelly (D:4)
  Crazy Yiuf (D:4)
  A gnoll bouda (D:5)
  A hound (D:4)
  4 iguanas
  3 orc wizards
  Terence (D:2)
  A hell rat (Sewer)
  4 gnolls (D:5)
  8 adders
  3 river rats
  6 ufetubi
  5 worms
  2 dart slugs
  16 orcs
  5 endoplasms
  5 giant cockroaches
  3 goblins
  9 hobgoblins
  8 jackals (D:5)
  9 kobolds
  3 quokkas
  4 ball pythons
  4 bats
  2 frilled lizards
  4 rats
159 creatures vanquished.

Notes
Turn   | Place    | Note
-------+----------+-------------------------------------------
     0 | D:1      | gelatine the Demonspawn Gladiator began the quest for the
                  | Orb.
     0 | D:1      | Reached XP level 1. HP: 16/16 MP: 1/1
   136 | D:1      | Reached skill level 3 in Axes
   143 | D:1      | Gained mutation: Your touch may inflict minor irresistible
                  | damage on your foes. [demonic ancestry]
   143 | D:1      | Reached XP level 2. HP: 14/22 MP: 2/2
   524 | D:1      | You fall into a shaft and drop 1 floor!
   693 | D:2      | Gained mutation: You sometimes gain a little power by
                  | taking damage. [demonic ancestry]
   693 | D:2      | Reached XP level 3. HP: 27/27 MP: 3/3
   820 | D:2      | Noticed Terence
   828 | D:2      | Killed Terence
   829 | D:2      | Reached skill level 1 in Armour
   829 | D:2      | Reached XP level 4. HP: 33/33 MP: 4/4
   916 | D:2      | Found Fucrem's Weapon Shoppe.
   954 | D:1      | Found a faded altar of an unknown god.
  1017 | D:1      | Reached skill level 4 in Axes
  1501 | D:2      | Learned a level 1 spell: Summon Small Mammal
  1654 | D:3      | Found an iron altar of Okawaru.
  2011 | D:3      | Noticed Grinder
  2022 | D:3      | Killed Grinder
  2023 | D:3      | Gained mutation: Your touch may inflict irresistible damage
                  | on your foes. [demonic ancestry]
  2023 | D:3      | Reached XP level 5. HP: 38/39 MP: 4/6
  2023 | D:3      | Gained mutation: You are partially covered in slimy green
                  | scales. (AC +2) [demonic ancestry]
  2023 | D:3      | Reached XP level 6. HP: 45/46 MP: 4/7
  2061 | D:3      | Identified the +0 leather armour "Viux" {rPois Dex+2}
  2108 | D:3      | Reached skill level 1 in Stealth
  2657 | D:3      | Reached skill level 1 in Summonings
  2755 | D:4      | Reached skill level 5 in Axes
  2771 | D:4      | Found a runed translucent door.
  2772 | D:4      | Noticed Crazy Yiuf
  2778 | D:4      | Killed Crazy Yiuf
  2779 | D:4      | Reached skill level 1 in Spellcasting
  2920 | D:4      | Noticed Blork the orc
  2928 | D:4      | Killed Blork the orc
  2999 | D:4      | Found Hoxosib's Assorted Antiques.
  3002 | D:4      | Bought a twisted blue amulet for 80 gold pieces
  3002 | D:4      | Bought an agate ring for 80 gold pieces
  3047 | D:4      | Found a hazy altar of Hepliaklqana.
  3125 | D:4      | Found a staircase to the Ecumenical Temple.
  3303 | D:4      | Found a shimmering blue altar of Sif Muna.
  3329 | D:4      | Reached XP level 7. HP: 52/52 MP: 8/8
  3520 | D:4      | Found a blossoming altar of Fedhas.
  3613 | D:5      | Entered Level 5 of the Dungeon
  3635 | D:5      | Found a broken altar of Ashenzari.
  3938 | D:5      | Noticed a two-headed ogre
  3945 | D:5      | Killed a two-headed ogre
  3946 | D:5      | Reached skill level 7 in Axes
  3946 | D:5      | Gained mutation: A weak demonic guardian rushes to your
                  | aid. [demonic ancestry]
  3946 | D:5      | Reached XP level 8. HP: 33/60 MP: 9/9
  4511 | D:6      | Reached skill level 1 in Shields
  4627 | D:6      | Found a glowing drain.
  4634 | Sewer    | Entered a sewer
  4800 | D:6      | Found Noevoh's Neck Hole.
  4815 | D:6      | Reached skill level 8 in Axes
  4823 | D:6      | Identified the +6 shortbow "Goblinslayer" {flame, rN+
                  | Str+3}
  5029 | D:6      | Found an ornate altar of the Wu Jian Council.
  5308 | D:6      | Reached XP level 9. HP: 58/67 MP: 10/10
  5669 | D:7      | Reached skill level 5 in Armour
  5967 | D:7      | Reached skill level 5 in Fighting
  6021 | D:7      | Reached skill level 9 in Axes
  6688 | D:8      | Noticed an ice devil
  6688 | D:8      | Noticed an ice devil
  6688 | D:8      | Noticed an ice devil
  6690 | D:8      | Noticed an ice devil
  6693 | D:8      | Noticed an ice devil
  6695 | D:8      | Noticed an ice devil
  6698 | D:8      | Noticed an ice devil
  6755 | D:8      | Killed an ice devil
  6760 | D:8      | Noticed an ice statue
  6809 | D:8      | Gained mutation: You are mostly covered in slimy green
                  | scales. (AC +3) [demonic ancestry]
  6809 | D:8      | Reached XP level 10. HP: 25/70 MP: 11/11
  7150 | D:8      | Reached skill level 10 in Axes
  7586 | D:8      | Slain by an ice devil

Illustrated notes

Levels and vault maps discovered:
D:1:      dpeg_arrival_rooms_with_view, layout_rooms,
          dreamdust_ecumenical_altar_hidden_monk_grotto, minmay_cut_off
D:2:      layout_rooms, serial_shops, nicolae_shop_window_shopping,
          roderic_serpentine_path, st_stairs_4, uniq_terence
D:3:      layout_basic, okawaru_ov_weapons_minmay, serial_corexii_hall,
          chequers_hall_statues_corner_a, corexii_hall_statues_u,
          corexii_hall_statues_x, corexii_hall_statues_i, corexii_shack,
          kennysheep_cross_bottleneck, uniq_grinder
D:4:      layout_loops_ring, old_standard_altar, mainiacjoe_overflow_swirl,
          minmay_temple_entry_overgrown, serial_shops, shop_statue,
          uniq_crazy_yiuf_cottage, uniq_blork_the_orc
D:5:      layout_loops_ring, evilmike_ruin_ashenzari
D:6:      layout_loops_cross, mainiacjoe_overflow_24_doors,
          lightli_sewer_entry_pipes, nicolae_shop_sticking_my_neck_out
D:7:      hellmonk_ruined_rings, layout_gridville, overflow_temple_1_default,
          minmay_misc_feat_nine_boxes, lemuel_flamethrower_2
D:8:      cheibrodos_frozen_isle, layout_basic, serial_park_tiny_2,
          kennysheep_windowed_goal

Skill      XL: |  1  2  3  4  5  6  7  8  9 10 |
---------------+-------------------------------+-----
Axes           | 3 4 5 7 8 9 10 | 10.2
Throwing       | 2 3 |  3.8
Armour         | 1 2 3 4 5 |  5.9
Dodging        | 3 |  3.2
Stealth        | 1 |  1.9
Summonings     | 1 |  1.1
Spellcasting   | 1 |  1.0
Fighting       | 3 4 5 |  5.8
Shields        | 1 2 |  2.2

Action                   |  1- 3 |  4- 6 |  7- 9 | 10-12 || total
-------------------------+-------+-------+-------+-------++-------
Melee: War axe           |    51 |    72 |   187 |    41 ||   351
       Touch             |     2 |     9 |    35 |     3 ||    49
       Punch             |     1 |     1 |     1 |       ||     3
Throw: Throwing net      |     2 |     3 |       |       ||     5
       Javelin           |       |     1 |     1 |       ||     2
       Boomerang         |       |       |    50 |       ||    50
       Dart              |       |       |    17 |       ||    17
 Cast: Summon Small Mamm |       |     5 |       |       ||     5
Evoke: Wand              |       |       |       |     1 ||     1
  Use: Scroll            |       |     8 |     4 |     2 ||    14
       Potion            |       |       |       |     2 ||     2
 Stab: Sleeping          |     1 |       |       |       ||     1
Armor: Leather armour    |    18 |    12 |       |       ||    30
       Plate armour      |       |    33 |   147 |    28 ||   208
Dodge: Dodged            |    32 |    30 |    73 |    25 ||   160
Block: Other             |       |     2 |    45 |    16 ||    63
       Reflection        |       |       |     1 |     1 ||     2

Table legend: (Time is in decaauts)
 A = Elapsed time spent in this place.
 B = Non-inter-level travel time spent in this place.
 C = Inter-level travel time spent in this place.
 D = Time resting spent in this place.
 E = Time spent auto-exploring this place.
 F = Levels seen in this place.
 G = Mean time per level.
                   A        B        C        D        E       F      G
               +--------+--------+--------+--------+--------+-----+--------+
         Total |   7696 |   7408 |    288 |    225 |   5655 |   9 |  855.1 |
       Dungeon |   7564 |   7276 |    288 |    225 |   5595 |   8 |  945.5 |
         Sewer |    132 |    132 |      0 |      0 |     60 |   1 |  132.0 |
               +--------+--------+--------+--------+--------+-----+--------+

Top non-repeatable levels by time:
     D:8: 1088 daAuts
     D:3: 1035 daAuts
     D:6: 972 daAuts
     D:4: 964 daAuts
     D:7: 962 daAuts
     D:1: 909 daAuts
     D:5: 888 daAuts
     D:2: 743 daAuts
   Sewer: 132 daAuts
